 Dungeon Crawl Stone Soup version 0.19.1-1-g22dce08 (webtiles) character file.

1881 dvd the Chopper (level 9, -3/69 HPs)
             Began as a Formicid Abyssal Knight on Dec 28, 2016.
             Was a Priest of Lugonu.
             Slain by an eight-headed hydra (11 damage)
             ... on level 12 of the Dungeon.
             The game lasted 00:25:19 (7222 turns).

dvd the Chopper (Formicid Abyssal Knight)           Turns: 7222, Time: 00:25:19

Health: -3/69      AC: 10    Str: 15 (18) XL:     9   Next: 36%
Magic:  4/12       EV:  7    Int:  9 (12) God:    Lugonu [***...]
Gold:   336        SH:  4    Dex: 10 (12) Spells: 0 memorised, 8 levels left

rFire  . . .     SeeInvis +     y - +0 war axe
rCold  . . .     Gourm    .     j - +0 chain mail
rNeg   . . .     Faith    .     n - +0 buckler
rPois  .         Spirit   .     (helmet unavailable)
rElec  .         Reflect  .     (no cloak)
rCorr  .         Harm     .     (no gloves)
MR     .....                    (no boots)
Stlth  ..........               l - amulet of regeneration
                                (no ring)
                                (no ring)

@: no status effects
A: permanent stasis, dig shafts and tunnels, four strong arms, antennae 3
a: Dig, Shaft Self, Depart the Abyss, Bend Space, Banish, Renounce Religion


You were on level 12 of the Dungeon.
You worshipped Lugonu.
Lugonu was most pleased with you.
You were very hungry.

You visited 1 branch of the dungeon, and saw 11 of its levels.
You visited the Abyss 1 time.

You collected 336 gold pieces.

Inventory:

Hand Weapons
 a - a +1 hand axe
 t - a +0 whip
 y - a +0 war axe (weapon)
 J - a +1 spear of freezing
Missiles
 v - 7 steel javelins (quivered)
 H - 2 tomahawks
Armour
 j - a +0 chain mail (worn)
 n - a +0 buckler (worn)
 o - a +0 scale mail
Jewellery
 l - an amulet of regeneration (around neck)
Wands
 z - a wand of iceblast (7/15)
 G - a wand of disintegration (15/24)
 N - a wand of hasting (4/9)
Scrolls
 f - a scroll of fog {unknown}
 g - 4 scrolls of identify
 k - 2 scrolls of recharging
 q - 4 scrolls of remove curse
 s - 2 scrolls of enchant armour {unknown}
 u - 2 scrolls of random uselessness {unknown}
 B - a scroll of magic mapping {unknown}
 C - a scroll of vulnerability {unknown}
 F - a scroll of amnesia {unknown}
Potions
 e - 3 potions of curing
 i - 3 potions of heal wounds
 m - a potion of flight
 r - a potion of brilliance
 A - 2 potions of lignification
 I - a potion of magic
Books
 D - a book of Misfortune

   Spells                             Type                      Level
   a - Confusing Touch                Hexes                        1
   b - Confuse                        Hexes                        3
   c - Gell's Gravitas                Hexes/Translocation          3
   d - Petrify                        Transmutation/Earth          4
   e - Metabolic Englaciation         Hexes/Ice                    5
   f - Yara's Violent Unravelling     Hexes/Transmutation          5
Comestibles
 c - 9 bread rations
 d - 3 meat rations
 x - a slice of pizza


   Skills:
 + Level 5.7 Fighting
 + Level 7.4 Axes
 + Level 1.9 Throwing
 + Level 6.2 Armour
 + Level 2.7 Dodging
 + Level 1.3 Stealth
 + Level 2.9 Shields
 * Level 4.5 Invocations


You had 8 spell levels left.
You didn't know any spells.

Dungeon Overview and Level Annotations

Branches:
Dungeon (10/15)            Temple (0/1) D:4
   Lair: D:8-11         Orc: D:9-12

Altars:
Ashenzari
Fedhas
Yredelemnul
The Shining One

Annotations:
D:5 2 runed doors
D:10 Apogee's ghost, novice TrBe


Innate Abilities, Weirdness & Mutations

You are under a permanent stasis effect.
You can dig through walls and to a lower floor.
Your four strong arms can wield two-handed weapons with a shield.
You have a pair of large antennae on your head. (SInv)


Message History

The eight-headed hydra bites you but does no damage.
You block the eight-headed hydra's attack.
The eight-headed hydra bites you.
The eight-headed hydra barely misses you.
The eight-headed hydra bites you!
You block the eight-headed hydra's attack.
The eight-headed hydra bites you!
* * * LOW HITPOINT WARNING * * *
Press: ? - help, Shift-Dir - straight line, f/p - eight-headed hydra
Aim: an eight-headed hydra (chance to defeat MR: 51%)
You fail to use your ability.
The eight-headed hydra bites you but does no damage. x2
The eight-headed hydra bites you.
* * * LOW HITPOINT WARNING * * *
The eight-headed hydra completely misses you.
The eight-headed hydra bites you!
* * * LOW HITPOINT WARNING * * *
You block the eight-headed hydra's attack.
The eight-headed hydra bites you!
You die...

{ ##### { ...#
########.##
#######.........#
#######...............#
#.....D@#####.........#
..####### #.........#
#.........# #.........#
###########


You could see an eight-headed hydra.

Vanquished Creatures
  The ghost of buskinjo the Caller, a novice TeSu (D:4)
  Duvessa (D:6)
  A sky beast (D:6)
  An ice beast (D:6)
  4 ogres
  A big kobold (D:7)
  A bullfrog (D:6)
  Dowan (D:6)
  2 killer bees (D:7)
  4 crimson imps
  2 orc wizards (D:6)
  A centaur skeleton (D:6)
  An orc priest (D:6)
  4 iguanas
  A bullfrog skeleton (D:5)
  3 worker ants
  12 adders
  4 gnolls (D:6)
  A shadow imp (D:6)
  An ooze (D:3)
  An adder zombie (D:5)
  4 worms
  A dart slug (D:2)
  5 leopard geckos
  16 orcs
  6 giant cockroaches
  5 goblins
  5 hobgoblins
  13 jackals
  3 quokkas (D:3)
  A ball python (D:2)
  2 bats (D:1)
  7 frilled lizards
  12 kobolds
  A leopard gecko zombie (D:6)
  9 rats
138 creatures vanquished.

Notes
Turn   | Place    | Note
-------+----------+-------------------------------------------
     0 | Abyss:1  | dvd the Formicid Abyssal Knight began the quest for the Orb.
     0 | Abyss:1  | Reached XP level 1. HP: 18/18 MP: 2/2
    58 | Abyss:1  | Noticed a large abomination
    59 | D:1      | Escaped the Abyss
    87 | D:1      | Reached XP level 2. HP: 16/24 MP: 3/3
   189 | D:1      | Reached * piety under Lugonu
   557 | D:1      | Reached XP level 3. HP: 29/30 MP: 4/4
   947 | D:2      | Reached skill level 1 in Dodging
  1048 | D:2      | Reached XP level 4. HP: 10/37 MP: 5/5
  1474 | D:2      | Found a shattered altar of Ashenzari.
  1725 | D:2      | Reached ** piety under Lugonu
  2194 | D:3      | Reached skill level 3 in Axes
  2194 | D:3      | Reached XP level 5. HP: 31/42 MP: 6/6
  2551 | D:3      | Reached skill level 1 in Throwing
  2572 | D:3      | Found a blossoming altar of Fedhas.
  2822 | D:4      | Noticed an ogre
  2839 | D:4      | Killed an ogre
  2839 | D:4      | Reached XP level 6. HP: 22/49 MP: 7/7
  2879 | D:4      | HP: 1/49 [worker ant (3)]
  3048 | D:4      | Noticed buskinjo's ghost (novice TeSu)
  3397 | D:4      | Killed buskinjo's ghost
  3397 | D:4      | Reached skill level 4 in Axes
  3397 | D:4      | Reached skill level 1 in Shields
  3397 | D:4      | Reached XP level 7. HP: 36/55 MP: 8/8
  3522 | D:4      | Found a staircase to the Ecumenical Temple.
  3603 | D:4      | Found a glowing golden altar of the Shining One.
  3754 | D:5      | Entered Level 5 of the Dungeon
  4038 | D:5      | Reached skill level 5 in Axes
  4108 | D:5      | Found a glowing golden altar of the Shining One.
  4118 | D:5      | Noticed an angel
  4127 | D:5      | Found a basalt altar of Yredelemnul.
  4129 | D:5      | Noticed a profane servitor
  4361 | D:5      | Reached skill level 5 in Fighting
  4361 | D:5      | Reached skill level 5 in Armour
  4619 | D:5      | Reached XP level 8. HP: 60/62 MP: 9/9
  4629 | D:5      | Reached *** piety under Lugonu
  4630 | D:5      | Found a runed door.
  4661 | D:5      | Found a runed door.
  4907 | D:6      | Reached skill level 1 in Stealth
  5135 | D:6      | Reached skill level 6 in Axes
  5237 | D:6      | HP: 3/62 [ogre/giant club (14)]
  5827 | D:6      | Noticed Duvessa
  5827 | D:6      | Noticed Dowan
  5835 | D:6      | Killed Duvessa
  5850 | D:6      | You fall through a shaft!
  6175 | D:6      | Killed Dowan
  6175 | D:6      | Reached XP level 9. HP: 68/68 MP: 11/11
  6393 | D:6      | Reached skill level 7 in Axes
  6676 | D:7      | You fall through a shaft!
  6861 | D:7      | You fall through a shaft for 3 floors!
  6861 | D:10     | Entered Level 10 of the Dungeon
  6861 | D:10     | Noticed a troll
  6870 | D:10     | Noticed Apogee's ghost (novice TrBe)
  6882 | D:10     | Noticed a hill giant
  6924 | D:10     | Noticed a hill giant
  6942 | D:10     | Noticed a troll
  6960 | D:10     | Noticed a hill giant
  7112 | D:9      | You fall through a shaft for 3 floors!
  7216 | D:12     | Noticed an eight-headed hydra
  7222 | D:12     | Slain by an eight-headed hydra

Skill      XL: |  1  2  3  4  5  6  7  8  9 |
---------------+----------------------------+-----
Fighting       | 4 5 |  5.7
Dodging        | 1 2 |  2.7
Armour         | 3 4 5 6 |  6.2
Axes           | 3 4 5 6 7 |  7.4
Throwing       | 1 |  1.9
Shields        | 1 2 |  2.9
Stealth        | 1 |  1.3
Invocations    | 3 4 |  4.5

Action                   |  1- 3 |  4- 6 |  7- 9 || total
-------------------------+-------+-------+-------++-------
Melee: Hand axe          |   105 |   217 |       ||   322
       War axe           |       |    22 |   359 ||   381
       Spear             |       |       |    28 ||    28
Throw: Javelin           |       |    21 |    15 ||    36
       Tomahawk          |       |       |     1 ||     1
Invok: Depart the Abyss  |     1 |       |       ||     1
       Banish            |       |       |     2 ||     2
 Abil: Shaft Self        |       |       |     4 ||     4
       Dig               |       |       |     3 ||     3
Evoke: Wand              |       |       |     1 ||     1
  Use: Scroll            |       |     2 |     2 ||     4
       Potion            |       |     2 |    10 ||    12
  Eat: Chunk             |       |     7 |    14 ||    21
       Beef jerky        |       |       |     1 ||     1
Armor: Chain mail        |    39 |    88 |   234 ||   361
       Leather armour    |     4 |       |       ||     4
       Scale mail        |     9 |    20 |       ||    29
Dodge: Dodged            |    49 |   108 |   178 ||   335
Block: Buckler           |     2 |    38 |    97 ||   137
